 Dungeon Crawl Stone Soup version 0.32-a0-7-ge934b4519a (webtiles) character file.

Game seed: 9088348984025642099

522 timneilson the Ruffian (level 7, -3/46 HPs)
             Began as an Octopode Shapeshifter on Jan 13, 2024.
             Slain by Duvessa
             ... wielding a +0 short sword
              (7 damage)
             ... on level 4 of the Dungeon.
             The game lasted 00:06:53 (3322 turns).

timneilson the Ruffian (Octopode Shapeshifter)      Turns: 3322, Time: 00:06:53

Health: -3/46      AC:  1    Str: 12 (15) XL:     7   Next: 22%
Magic:  7/7        EV: 13    Int: 11 (13) God:
Gold:   207        SH:  0    Dex:  8 (11) Spells: 6/6 levels left

rFire   . .          .
                       - Unarmed
rCold   . . .        (no shield)
rNeg    . . .        (helmet currently unavailable)
rPois   .            (no amulet)
rElec   .            i - ring of willpower
rCorr   .            (no ring)
SInv    .            (no ring)
Will    +....        (no ring)
Stlth   +++          (no ring)
HPRegen 0.27/turn    (no ring)
MPRegen 0.10/turn    (no ring)
                     (no ring)

%: no passive effects
@: brilliant, beast-form
A: beast (slay +2), almost no armour, amphibious, 8 rings, camouflage 1,
gelatinous body 1, (nimble swimmer 1), tentacles
a: Begin Untransformation


You were on level 4 of the Dungeon.
You were a hulking beast.
You visited 1 branch of the dungeon, and saw 4 of its levels.

You collected 207 gold pieces.

Inventory:

Jewellery
 i - a ring of willpower (left tentacle)
Talismans
 b - a beast talisman
 c - a flux talisman
 g - a blade talisman
 k - a dragon-blood talisman
Wands
 l - a wand of digging (1)
Scrolls
 d - a scroll of enchant weapon
 j - a scroll of revelation {unknown}
Potions
 a - a potion of lignification
 e - a potion of might


   Skills:
 * Level 3.2 Fighting
 * Level 3.9 Dodging
 + Level 3.3 Stealth
 * Level 4.5 Unarmed Combat
 + Level 1.0 Evocations
 * Level 4.2 Shapeshifting


You had 6 spell levels left.
You didn't know any spells.
Your spell library contained the following spells:

 Spells                   Type           Power      Damage    Failure   Level
 Summon Small Mammal      Summ           0%         N/A       34%         1
 Blink                    Tloc           0%         N/A       47%         2
 Lesser Beckoning         Tloc           0%         N/A       47%         2
 Momentum Strike          Conj/Tloc      0%         3d8       47%         2
 Sublimation of Blood     Necr           0%         N/A       47%         2
 Call Canine Familiar     Summ           0%         N/A       71%         3
 Petrify                  Alch/Erth      0%         N/A       98%         4
 Summon Blazeheart Golem  Fire/Summ      0%         N/A       98%         4
 Irradiate                Conj/Alch      0%         3d11      100%        5


Dungeon Overview and Level Annotations

Branches:
Dungeon (4/15)
 Temple: D:4-7

Altars:

Annotations:
D:4 2 transporters, 0gre's ghost, novice GnIE; Duvessa


Innate Abilities, Weirdness & Mutations

You are a hulking beast.
Your limbs bulge with bestial killing power. (Slay +2)
You cannot wear most types of armour.
You are amphibious.
You can wear up to eight rings at the same time.
Your skin changes colour to match your surroundings (Stealth+).
Your rubbery body absorbs attacks. (AC +1, EV +1)
((You are camouflaged when in or above water. (Stealth+)))
You have tentacles for arms and can constrict up to eight enemies at once.


Message History

You see here a jackal corpse.
The iguana hisses angrily.
The endoplasm quivers.
There is a transporter landing site here.
The black bear growls angrily. 0gre's ghost keens inconsolably.
The quokka twitches its whiskers.
Menkaure, Prince of Dust comes into view.
Duvessa, Sister of Dowan comes into view.
She is wielding a +0 short sword.
Found a glowing long sword.
Menkaure shouts!
Duvessa shouts!
Menkaure calls on the powers of darkness!
Your body is wracked with pain!
Duvessa convulses!
You tentacle-slap Menkaure. You grab Menkaure. You squeeze Menkaure!
Menkaure is heavily damaged.
You constrict Menkaure.
You tentacle-slap Menkaure but do no damage.
Menkaure is heavily damaged.
You constrict Menkaure. Menkaure hits you.
You barely miss Menkaure.
Menkaure is severely damaged.
You constrict Menkaure.
Menkaure gestures at you while chanting.
You resist with some effort.
You tentacle-slap Menkaure.
Menkaure is almost destroyed.
You constrict Menkaure. Menkaure hits you!
* * * LOW HITPOINT WARNING * * *
You tentacle-slap Menkaure.
You destroy Menkaure!
Your Evocations skill increases to level 1!
You have reached level 7!
It was a potion of brilliance.
You feel clever all of a sudden. Duvessa barely misses you.
It was a potion of degeneration.
There was something very wrong with that liquid.
You feel weakened.
You feel dopey.
You feel clumsy. Duvessa hits you with a +0 short sword!
You die...

#....##### #....# #.)
#....# #... ###†## #...#
##### #†# #...##### #....
..##.# ### #...##...# #....
#.##.# #.##...# ###.# #....
#.##.###.#.e.# #.# #....
#.##.##...h..# #.# #....
#.##.##..##### #.# #)...
#.#..##..##########.###....
#.#.##.).............##[...
.
#...#.................#....
#
##..#.#...#########........
#.......##JW.....##...####
#.......#8l.#.#..8#...#
##.......#rh#...#..#...#


You could see Duvessa.

Vanquished Creatures
  Eustachio (D:4)
  Menkaure (D:4)
  A bombardier beetle (D:4)
  Jessica (D:2)
  Natasha (thrice) (D:4)
  5 adders
  2 dart slugs
  A ribbon worm (D:3)
  An orc (D:4)
  6 endoplasms
  3 giant cockroaches
  8 goblins
  11 hobgoblins
  7 jackals
  2 quokkas
  5 ball pythons
  4 bats
  4 frilled lizards
  6 kobolds
  3 rats
75 creatures vanquished.

Notes
Turn   | Place    | Note
-------+----------+-------------------------------------------
     0 | D:1      | timneilson the Octopode Shapeshifter began the quest for
                  | the Orb.
     0 | D:1      | Reached XP level 1. HP: 13/13 MP: 1/1
   170 | D:1      | Reached XP level 2. HP: 18/18 MP: 2/2
   297 | D:1      | Reached skill level 1 in Stealth
   930 | D:2      | Reached XP level 3. HP: 23/23 MP: 3/3
  1366 | D:2      | Noticed Jessica
  1378 | D:2      | Killed Jessica
  1379 | D:2      | Reached XP level 4. HP: 20/29 MP: 4/4
  1726 | D:2      | Found a faded altar of an unknown god.
  2152 | D:3      | Reached XP level 5. HP: 34/34 MP: 5/5
  2805 | D:4      | Noticed Natasha
  2809 | D:4      | Killed Natasha
  2854 | D:4      | Noticed Natasha
  2873 | D:4      | Killed Natasha
  2874 | D:4      | Reached XP level 6. HP: 11/41 MP: 6/6
  3010 | D:4      | Noticed Natasha
  3015 | D:4      | Killed Natasha
  3037 | D:4      | Found a transporter.
  3037 | D:4      | Noticed a black bear
  3041 | D:4      | Found a transporter.
  3041 | D:4      | Noticed 0gre's ghost (novice GnIE)
  3111 | D:4      | Noticed Eustachio
  3128 | D:4      | Killed Eustachio
  3313 | D:4      | Noticed Menkaure
  3315 | D:4      | Noticed Duvessa
  3320 | D:4      | Killed Menkaure
  3321 | D:4      | Reached skill level 1 in Evocations
  3321 | D:4      | Reached XP level 7. HP: 4/46 MP: 7/7
  3322 | D:4      | Slain by Duvessa

Illustrated notes

Levels and vault maps discovered:
D:1:      dpeg_arrival_refuge, layout_basic
D:2:      layout_loops_corners, dreamdust_ecumenical_altar_hidden_monk_grotto,
          uniq_jessica
D:3:      layout_loops_ring
D:4:      layout_rooms, nzn_overflow_gifts_of_might_and_magic,
          mainiacjoe_overflow_cross_hatched, gammafunk_ghost_arena,
          lemuel_flame_loot_1, uniq_natasha, uniq_eustachio, uniq_menkaure,
          uniq_sigmund

Skill      XL: |  1  2  3  4  5  6 |
---------------+-------------------+-----
Stealth        | 1 2 3 |  3.3
Fighting       | 2 3 |  3.2
Dodging        | 3 |  3.9
Unarmed Combat | 4 |  4.5
Shapeshifting  | 4 |  4.2
Evocations     | 1 |  1.0

Action                     |  1- 3 |  4- 6 |  7- 9 || total
---------------------------+-------+-------+-------++-------
  Melee: Unarmed           |    62 |    95 |       ||   157
         Constrict         |    17 |    21 |       ||    38
         Tentacles         |     9 |    14 |       ||    23
         Punch             |     3 |     2 |       ||     5
    Use: Scroll            |     1 |     3 |       ||     4
         Potion            |       |       |     2 ||     2
   Stab: Sleeping          |    12 |    15 |       ||    27
 Armour: Skin              |    16 |    25 |     1 ||    42
  Dodge: Dodged            |    25 |    42 |     1 ||    68

Table legend: (Time is in decaauts)
 A = Elapsed time spent in this place.
 B = Non-inter-level travel time spent in this place.
 C = Inter-level travel time spent in this place.
 D = Time resting spent in this place.
 E = Time spent auto-exploring this place.
 F = Levels seen in this place.
 G = Mean time per level.
                   A        B        C        D        E       F      G
               +--------+--------+--------+--------+--------+-----+--------+
         Total |   3310 |   3190 |    120 |      0 |   2513 |   4 |  827.5 |
       Dungeon |   3310 |   3190 |    120 |      0 |   2513 |   4 |  827.5 |
               +--------+--------+--------+--------+--------+-----+--------+

Top non-repeatable levels by time:
     D:2: 1043 daAuts
     D:1: 908 daAuts
     D:3: 845 daAuts
     D:4: 513 daAuts
